 Dungeon Crawl Stone Soup version 0.25-a0-591-g2ad0d861f1 (webtiles) character file.

Game seed: 8115608740041387378, levelgen mode: deterministic

20 Esekla the Charlatan (level 2, -2/14 HPs)
             Began as a Spriggan Artificer on Mar 14, 2020.
             Was a Follower of Nemelex Xobeh.
             Slain by an ooze (4 damage)
             ... on level 1 of the Dungeon.
             The game lasted 00:05:02 (951 turns).

Esekla the Charlatan (Spriggan Artificer)            Turns: 951, Time: 00:05:03

Health: -2/14      AC:  2    Str:  8    XL:     2   Next: 58%
Magic:  6/6        EV: 19    Int: 12    God:    Nemelex Xobeh [*.....]
Gold:   102        SH:  0    Dex: 16    Spells: 3/3 levels left

rFire    . . .     SeeInvis +   a - +0 short sword
rCold    . . .     Gourm    .   (shield restricted)
rNeg     . . .     Faith    .   b - +0 robe
rPois    .         Spirit   .   (helmet restricted)
rElec    .         Reflect  .   (no cloak)
rCorr    .         Harm     .   (gloves unavailable)
MR       .....                  (boots unavailable)
Stlth    ++........             (no amulet)
HPRegen  0.04/turn              (no ring)
MPRegen  0.10/turn              (no ring)

@: very quick
A: very small, unfitting armour, see invisible, herbivore, speed 3, slow
metabolism 2
a: Draw Escape, Draw Destruction, Draw Summoning, Renounce Religion


You were on level 1 of the Dungeon.
You worshipped Nemelex Xobeh.
Nemelex Xobeh was aware of your devotion.
You were not hungry.

You visited 1 branch of the dungeon, and saw 2 of its levels.

You collected 102 gold pieces.

Inventory:

Hand Weapons
 a - a +0 short sword (weapon)
 g - a +0 spear
Armour
 b - a +0 robe (worn)
 h - a +0 leather armour
 i - a +0 leather armour
Wands
 c - a wand of flame (15)
 d - a wand of enslavement (15)
 e - a wand of random effects (15)
Scrolls
 l - 2 scrolls of remove curse {unknown}
 o - a scroll of noise {unknown}
 p - a scroll of fear {unknown}
 q - a scroll of blinking {unknown}
Potions
 j - a potion of might
 k - 2 potions of heal wounds
 n - a potion of curing {unknown}
 r - a potion of experience
Comestibles
 f - 5 rations


   Skills:
 - Level 0.7 Fighting
 * Level 1.7 Short Blades
 * Level 3.9 Dodging
 + Level 1.7 Stealth
 * Level 1.1 Spellcasting
 - Level 4.0 Evocations


You had 3 spell levels left.
You didn't know any spells.
Your spell library was empty.

Dungeon Overview and Level Annotations

Branches:
Dungeon (2/15)

Altars:
Nemelex Xobeh


Innate Abilities, Weirdness & Mutations

You are very small and have problems with some larger weapons.
You are too small for most types of armour.
You have supernaturally acute eyesight. (SInv)
You are a herbivore.
You cover ground extremely quickly.
You need to consume almost no food.


Message History

The ooze is lightly wounded.
The ooze hits you.
You hit the ooze but do no damage.
The ooze is lightly wounded.
The ooze closely misses you.
You hit the ooze.
The ooze is heavily wounded.
The ooze hits you.
You barely miss the ooze.
The ooze is heavily wounded.
The ooze misses you.
You hit the ooze but do no damage.
The ooze is heavily wounded.
The ooze hits you.
* * * LOW HITPOINT WARNING * * *
You hit the ooze.
The ooze is severely wounded.
The ooze hits you.
You die...
Your body disappears without a glow.

#.. #.# #.# #...
#.# ... #... #$#
...##... #.# #
#.##... #J#
#..####>..... #@#
#..#......... #.#
#..#......... #.#
........####.
##.######.....'....
#.......#.....####.
#######.#.....#....
#.#..........
#.#.....#....
#.#..........


You could see an ooze.

Vanquished Creatures
  2 leopard geckos (D:1)
  A giant cockroach (D:1)
  A goblin (D:1)
  2 hobgoblins
  3 kobolds
  2 bats (D:1)
  2 frilled lizards
  7 rats
20 creatures vanquished.

Notes
Turn   | Place    | Note
-------+----------+-------------------------------------------
     0 | D:1      | Esekla the Spriggan Artificer began the quest for the Orb.
     0 | D:1      | Reached XP level 1. HP: 9/9 MP: 4/4
   250 | D:1      | Reached XP level 2. HP: 14/14 MP: 6/6
   332 | D:1      | Reached skill level 1 in Spellcasting
   524 | D:2      | Found a faded altar of an unknown god.
   529 | D:2      | Became a worshipper of Nemelex Xobeh the Trickster
   529 | D:2      | Received a gift from Nemelex Xobeh
   529 | D:2      | Reached * piety under Nemelex Xobeh
   951 | D:1      | Slain by an ooze

Levels and vault maps discovered:
D:1:      dpeg_arrival_more_subterranean_lakeside_camping, layout_basic,
          minmay_heptomino_h4
D:2:      layout_basic, kennysheep_okawaru_gauntlet, first_ration,
          chequers_ecumenical_altar_simple_redux

Skill      XL: |  1  2 |
---------------+-------+-----
Spellcasting   | 1 |  1.1
Fighting       | |  0.7
Short Blades   | |  1.7
Dodging        | |  3.9
Stealth        | |  1.7
Evocations     | |  4.0

Action                   || total
-------------------------++-------
Melee: Short sword       ||    63
  Use: Scroll            ||     3
 Stab: Sleeping          ||     5
Armor: Robe              ||     7
Dodge: Dodged            ||    42

Table legend:
 A = Non-vault XP
 B = Vault XP
 C = Vault XP percentage of total XP
 D = Non-vault monster count
 E = Vault monster count
 F = Vault count percentage of total count
                 A         B        C        D         E       F
            +---------+---------+-------+---------+---------+-------
      Total |      23 |       6 |  20.7 |      16 |       4 |  20.0
            +---------+---------+-------+---------+---------+-------
        D:1 |      18 |       6 |  25.0 |      12 |       4 |  25.0
        D:2 |       5 |       0 |   0.0 |       4 |       0 |   0.0
            +---------+---------+-------+---------+---------+-------
